 Dungeon Crawl Stone Soup version 0.27.1-3-gb3d3a73c9e (webtiles) character file.

Game seed: 15373985251154838987

558401 TheGamechu the Slayer (level 25, -38/247 HPs)
             Began as a Minotaur Fighter on Oct 18, 2021.
             Was a High Priest of Yredelemnul.
             Killed from afar by a purple draconian knight (54 damage)
             ... with a bolt of dispelling energy
             ... on level 2 of the Realm of Zot on Oct 19, 2021.
             The game lasted 05:06:42 (51013 turns).

TheGamechu the Slayer (Minotaur Fighter)           Turns: 51013, Time: 05:06:43

Health: -38/247    AC: 44    Str: 27    XL:     25   Next: 27%
Magic:  31/31      EV: 10    Int:  5    God:    Yredelemnul [*****.]
Gold:   6611       SH: 28    Dex: 14    Spells: 24/24 levels left

rFire    + . .     SeeInvis +   J - +9 demon trident (drain)
rCold    + . .     Faith    .   L - +3 tower shield
rNeg     . . .     Spirit   .   c - +4 crystal plate armour
rPois    +         Reflect  .   H - +2 hat
rElec    .         Harm     .   t - +1 cloak of Starlight {*Dazzle EV+4 Stlth--}
rCorr    +         Rampage  ∞   W - +2 pair of gloves {archery}
Will     +++..                  S - +3 pair of seven-league boots {Rampage+∞}
Stlth    ..........             D - amulet of Ovuubem {RegenMP rC+ Will+ Regen+}
HPRegen  1.51/turn              p - ring of Ibam {Will+ rCorr Str-2 Slay+2}
MPRegen  0.47/turn              E - ring "Xum Ciph" {rPois rF+ SInv}

@: wreathed by umbra, studying 2 skills
A: horns 2, retaliatory headbutt, iridescent scales 1, MP-powered wands
}: 3/15 runes: barnacled, silver, gossamer
a: Renounce Religion, Recall Undead Slaves, Injury Mirror, Animate Dead, Drain
Life, Enslave Soul


You were on level 2 of the Realm of Zot.
You worshipped Yredelemnul.
Yredelemnul was extremely pleased with you.
You visited 10 branches of the dungeon, and saw 47 of its levels.
You visited the Abyss 1 time.
You also visited: Gauntlet and Wizlab.

You collected 9559 gold pieces.
You spent 2948 gold pieces at shops.

Inventory:

Hand Weapons
 J - a +9 demon trident of draining (weapon)
Missiles
 i - 58 boomerangs
 s - 10 curare-tipped darts
 x - 30 silver javelins
 G - 13 throwing nets
 P - 22 javelins (quivered)
Armour
 a - a scarf of repulsion
 c - a +4 crystal plate armour (worn)
 t - the +1 cloak of Starlight (worn) {*Dazzle EV+4 Stlth--}
   (You bought it in a shop on level 12 of the Dungeon)

   It may blind those who miss an attack against the wearer in melee combat.
   EV:        It affects your evasion (+4).
   Stlth:     It makes you much less stealthy.
 H - a +2 hat (worn)
 L - a +3 tower shield (worn)
 S - the +3 pair of seven-league boots (worn) {Rampage+∞}
   (You acquired it on level 1 of the Lair of Beasts)

   Its wearer moves as far as possible in that direction when moving towards
   enemies.
 W - a +2 pair of gloves of archery (worn)
Jewellery
 e - the ring "Syirerph" {rPois rC+ rN++ Int+8}
   (You took it off an ironbound preserver on level 5 of the Vaults)

   [ring of poison resistance]

   Int:       It affects your intelligence (+8).
   rC:        It protects you from cold.
   rPois:     It protects you from poison.
   rN:        It greatly protects you from negative energy.
 p - the ring of Ibam (left hand) {Will+ rCorr Str-2 Slay+2}
   (You found it on level 3 of the Elven Halls)

   [ring of resist corrosion]

   Str:       It affects your strength (-2).
   Slay:      It affects your accuracy & damage with ranged weapons and melee
   (+2).
   rCorr:     It protects you from acid and corrosion.
   Will:      It increases your willpower.
 B - the ring of Suacuili {Fly Dex+6}
   (You found it on level 3 of the Elven Halls)

   [ring of flight]

   Dex:       It affects your dexterity (+6).
   Fly:       It grants you flight.
 D - the amulet of Ovuubem (around neck) {RegenMP rC+ Will+ Regen+}
   (You found it on level 8 of the Dungeon)

   [amulet of magic regeneration]

   It increases your rate of magic regeneration.
   rC:        It protects you from cold.
   Regen:     It increases your rate of health regeneration.
   Will:      It increases your willpower.
 E - the ring "Xum Ciph" (right hand) {rPois rF+ SInv}
   (You acquired it on level 1 of the Lair of Beasts)

   [ring of poison resistance]

   rF:        It protects you from fire.
   rPois:     It protects you from poison.
   SInv:      It lets you see invisible.
 U - the ring of Mithuem {rPois rC+ Int+9 Stlth-}
   (You took it off a vault guard on level 5 of the Vaults)

   [ring of poison resistance]

   Int:       It affects your intelligence (+9).
   rC:        It protects you from cold.
   rPois:     It protects you from poison.
   Stlth:     It makes you less stealthy.
Wands
 b - a wand of iceblast (85)
 l - a wand of charming (26)
 q - a wand of polymorph (39)
 y - a wand of digging (26)
 A - a wand of acid (13)
 C - a wand of paralysis (47)
Scrolls
 g - 2 scrolls of blinking
 v - 2 scrolls of summoning
 z - 20 scrolls of teleportation
 I - 7 scrolls of magic mapping
 K - a scroll of silence
 N - 5 scrolls of fog
 O - 3 scrolls of fear
Potions
 d - 5 potions of might
 f - 2 potions of invisibility
 j - 19 potions of curing
 m - 9 potions of haste
 n - 11 potions of heal wounds
 o - 3 potions of cancellation
 u - 3 potions of berserk rage
 w - 10 potions of lignification
 F - 8 potions of flight
 M - 10 potions of resistance
 X - 10 potions of mutation
Miscellaneous
 h - a condenser vane
 k - a phantom mirror
 r - a phial of floods
 Q - a lightning rod (4/4)
 T - a box of beasts
 Z - a tin of tremorstones (1/2)


   Skills:
 + Level 24.4 Fighting
 - Level 7.0(14.6) Axes
 - Level 15.5(16.0) Maces & Flails
 - Level 13.3(14.0) Polearms
 + Level 22.7 Throwing
 + Level 17.2 Armour
 + Level 23.1 Shields
 - Level 12.0 Invocations
 - Level 12.0 Evocations


You had 24 spell levels left.
You didn't know any spells.
Your spell library contained the following spells:

 Spells                   Type           Power      Damage    Failure   Level
 Animate Skeleton         Necr           0%         N/A       100%        1
 Apportation              Tloc           0%         N/A       100%        1
 Beastly Appendage        Tmut           0%         N/A       100%        1
 Corona                   Hex            0%         N/A       100%        1
 Freeze                   Ice            0%         1d3       100%        1
 Magic Dart               Conj           0%         1d3       100%        1
 Sting                    Tmut/Pois      0%         1d3       100%        1
 Summon Small Mammal      Summ           0%         N/A       100%        1
 Blink                    Tloc           N/A        N/A       100%        2
 Call Imp                 Summ           0%         N/A       100%        2
 Corpse Rot               Necr/Air       N/A        N/A       100%        2
 Ensorcelled Hibernation  Hex/Ice        0%         N/A       100%        2
 Passwall                 Tmut/Erth      0%         N/A       100%        2
 Poisonous Vapours        Pois/Air       0%         N/A       100%        2
 Searing Ray              Conj           0%         3d3       100%        2
 Slow                     Hex            0%         N/A       100%        2
 Static Discharge         Conj/Air       0%         N/A       100%        2
 Sublimation of Blood     Necr           0%         N/A       100%        2
 Wereblood                Tmut           0%         N/A       100%        2
 Confusing Touch          Hex            0%         N/A       100%        3
 Dazzling Flash           Conj/Hex       0%         N/A       100%        3
 Frozen Ramparts          Ice            0%         1d2       100%        3
 Gell's Gravitas          Tloc           0%         N/A       100%        3
 Ignite Poison            Fire/Tmut/Pois 0%         N/A       100%        3
 Inner Flame              Hex/Fire       0%         N/A       100%        3
 Mephitic Cloud           Conj/Pois/Air  0%         N/A       100%        3
 Ozocubu's Armour         Ice            0%         N/A       100%        3
 Portal Projectile        Hex/Tloc       0%         N/A       100%        3
 Spider Form              Tmut/Pois      0%         N/A       100%        3
 Stone Arrow              Conj/Erth      0%         3d7       100%        3
 Swiftness                Air            0%         N/A       100%        3
 Teleport Other           Tloc           0%         N/A       100%        3
 Tukima's Dance           Hex            0%         N/A       100%        3
 Animate Armour           Summ/Erth      0%         N/A       100%        4
 Animate Dead             Necr           0%         N/A       100%        4
 Cause Fear               Hex            0%         N/A       100%        4
 Dispel Undead            Necr           0%         3d6       100%        4
 Fulminant Prism          Conj/Hex       0%         3d6       100%        4
 Hailstorm                Conj/Ice       0%         3d3       100%        4
 Ice Form                 Ice/Tmut       0%         N/A       100%        4
 Iskenderun's Mystic Bla  Conj/Tloc      0%         2d3       100%        4
 Leda's Liquefaction      Hex/Erth       0%         N/A       100%        4
 Olgreb's Toxic Radiance  Pois           0%         N/A       100%        4
 Passage of Golubria      Tloc           N/A        N/A       100%        4
 Petrify                  Tmut/Erth      0%         N/A       100%        4
 Sticky Flame             Conj/Fire      0%         2d3       100%        4
 Summon Ice Beast         Ice/Summ       0%         N/A       100%        4
 Agony                    Necr           0%         N/A       100%        5
 Alistair's Intoxication  Tmut/Pois      0%         N/A       100%        5
 Blade Hands              Tmut           0%         N/A       100%        5
 Bolt of Magma            Conj/Fire/Erth 0%         4d4       100%        5
 Borgnjor's Vile Clutch   Necr/Erth      0%         N/A       100%        5
 Excruciating Wounds      Necr           0%         N/A       100%        5
 Freezing Cloud           Conj/Ice/Air   0%         6-21      100%        5
 Irradiate                Conj/Tmut      0%         3d13      100%        5
 Lee's Rapid Deconstruct  Erth           0%         3d5*      100%        5
 Lightning Bolt           Conj/Air       0%         1d11      100%        5
 Manifold Assault         Tloc           0%         N/A       100%        5
 Metabolic Englaciation   Hex/Ice        0%         N/A       100%        5
 Silence                  Hex/Air        0%         N/A       100%        5
 Summon Forest            Summ/Tloc      0%         N/A       100%        5
 Summon Mana Viper        Hex/Summ       0%         N/A       100%        5
 Yara's Violent Unravell  Hex/Tmut       0%         3d3       100%        5
 Conjure Ball Lightning   Conj/Air       0%         3x3d6     100%        6
 Death Channel            Necr           0%         N/A       100%        6
 Dispersal                Tloc           0%         N/A       100%        6
 Invisibility             Hex            0%         N/A       100%        6
 Shadow Creatures         Summ           N/A        N/A       100%        6
 Simulacrum               Ice/Necr       0%         N/A       100%        6
 Starburst                Conj/Fire      0%         6d3       100%        6
 Statue Form              Tmut/Erth      0%         N/A       100%        6
 Dragon Form              Tmut           0%         N/A       100%        7
 Haunt                    Necr/Summ      0%         N/A       100%        7
 Monstrous Menagerie      Summ           0%         N/A       100%        7
 Ozocubu's Refrigeration  Ice            0%         4d5       100%        7
 Spellforged Servitor     Conj/Summ      0%         N/A       100%        7
 Storm Form               Tmut/Air       0%         N/A       100%        7
 Summon Hydra             Summ           0%         N/A       100%        7
 Discord                  Hex            0%         N/A       100%        8
 Disjunction              Tloc           0%         N/A       100%        8
 Infestation              Necr           0%         N/A       100%        8
 Lehudib's Crystal Spear  Conj/Erth      0%         10d2      100%        8
 Shatter                  Erth           0%         3d5*      100%        9


Dungeon Overview and Level Annotations

Branches:
Dungeon (15/15)            Temple (1/1) D:4            Lair (6/6) D:9
 Shoals (4/4) Lair:3       Spider (4/4) Lair:2        Slime (0/5) Lair:6
    Orc (2/2) D:9             Elf (3/3) Orc:2        Vaults (5/5) D:13
  Crypt (0/3) Vaults:3     Depths (5/5) D:15            Zot (2/5) Depths:5
 WizLab (visited)         Gauntlet (visited)

Altars:
Ashenzari
Cheibriados
Dithmenos
Elyvilon
Fedhas
Gozag
Hepliaklqana
Kikubaaqudgha
Makhleb
Nemelex Xobeh
Okawaru
Qazlal
Ru
Sif Muna
Trog
Uskayaw
Vehumet
Wu Jian
Xom
Yredelemnul
Zin
The Shining One
Beogh

Shops:
D:1 :   D:2 *   D:5 ?   D:6 =   D:12 !*[   Orc:2 *(*=([   Elf:1 (   Shoals:2 *
Vaults:1 *!   Vaults:2 (   Vaults:3 [

Portals:
Hell: Depths:1 Depths:2 Depths:3 Depths:4 Depths:5
Abyss: Depths:3 Depths:4 Depths:5
Pandemonium: Depths:1 Depths:2 Depths:3* Depths:4
Ziggurat: Depths:3


Innate Abilities, Weirdness & Mutations

You have a pair of horns on your head.
You reflexively headbutt those who attack you in melee.
You are partially covered in iridescent scales. (AC +2)
You expend magic power (3 MP) to strengthen your wands.


Message History

The purple draconian monk tail-slaps you but does no damage.
The purple draconian knight barely misses you.
You miss the purple draconian monk.
The purple draconian monk is severely wounded.
The profane servitor hits your storm dragon zombie but does no damage.
The profane servitor hits your storm dragon zombie with a +2 whip of electrocution.
You block the black draconian's attack.
You block the purple draconian knight's attack.
You puncture the purple draconian monk! You drain the purple draconian monk.
You headbutt the purple draconian monk, but do no damage.
The purple draconian monk is severely wounded.
Your storm dragon zombie misses the profane servitor.
Your storm dragon zombie claws the profane servitor.
Your storm dragon zombie closely misses the profane servitor.
The yellow draconian shifter blinks!
You block the purple draconian monk's attack. x2
The purple draconian monk tail-slaps you but does no damage.
The profane servitor hits your storm dragon zombie with a +2 whip of electrocution!!
Your storm dragon zombie is destroyed!
You closely miss the purple draconian monk.
Your headbutt misses the purple draconian monk.
The purple draconian monk is severely wounded.
The purple draconian knight casts a spell at you.
The shard of ice hits you!! You partially resist.
* * * LOW HITPOINT WARNING * * *
The black draconian hits you but does no damage.
You block the profane servitor's attack. x2
The yellow draconian shifter blinks!
The purple draconian monk breathes dispelling energy at you.
The bolt of dispelling energy hits you!!
* * * LOW HITPOINT WARNING * * *
Your draconian shifter zombie barely misses the profane servitor.
The yellow draconian spits acid at you.
The glob of acid hits you but does no damage.
You are splashed with acid.
You resist.
* * * LOW HITPOINT WARNING * * *
The purple draconian knight breathes dispelling energy at you.
The bolt of dispelling energy hits you!!!
You die...
Your body rises from the dead as a mindless zombie.

****
####################
**,,*
#.(...dqqZ.§.q.....##
**,,,*
#(...qd@AZ.ZZ.Z.Z.Z.##
**,,,**
##################Z..##
*,,,********
*******#######...##
,,,***,,,,,*
*,,,,,,,....###...#
,,***,,,,,,*
*,,,,,,,.....###ZZ.
,***,,,*****
**********#...###..
***,,,**#####*****
####*#..Z#..Z
**,,,*##.(..,,,,,*
#...###.....#
*,,,*##....,,,,,,*
#....#...).##


You could see a profane servitor (ally target), a purple draconian monk
(catching breath, drained), a purple draconian knight (fast, invisible, catching
breath), a black draconian, a yellow draconian (catching breath), a yellow
draconian shifter, a purple draconian scorcher, a friendly black draconian
zombie, 2 friendly green draconian zombies, a friendly draconian shifter zombie
and a friendly draconian annihilator zombie.

Vanquished Creatures
  2 juggernauts
  Boris (twice) (Vaults:5 Depths:3)
  Bai Suzhen (Vaults:5)
  Saint Roka (Orc:1)
  A caustic shrike (Depths:4)
  6 golden dragons
  the Enchantress (Depths:4)
  2 electric golems (Zot:1)
  8 tentacled monstrosities
  A Hell Sentinel (Depths:4)
  3 titans (Vaults:5)
  4 liches
  2 deep elf blademasters (Elf:3)
  2 quicksilver dragons
  7 tentacled starspawn
  6 sphinxes
  Kirke (D:14)
  2 death cobs (Zot:2)
  The ghost of Hogiurom the Brawler, an adept TrMo of Nemelex Xobeh (Depths:4)
  A kraken (Shoals:1)
  5 draconian monks
  6 shadow dragons
  6 storm dragons
  Donald (Vaults:2)
  A tengu reaver (Depths:4)
  9 fire giants
  A fire giant (shapeshifter) (Depths:4)
  6 deep elf sorcerers
  2 draconian knights
  7 frost giants
  An orc warlord (Orc:2)
  2 iron dragons
  A ghost moth (Spider:4)
  Louise (D:14)
  8 emperor scorpions
  12 vault wardens
  A cacodemon (WizLab)
  2 balrugs
  3 draconian scorchers
  4 spriggan defenders
  A reaper (Depths:5)
  6 ironbound preservers
  3 war gargoyles
  19 very ugly things
  17 stone giants
  Nessos (Lair:4)
  2 vampire knights (Depths:5)
  3 green draconians
  A dire elephant (Vaults:1)
  5 black draconians
  4 deep elf demonologists
  5 yellow draconians
  8 spark wasps
  A purple draconian (Zot:1)
  A red draconian (Zot:2)
  2 entropy weavers
  A minotaur (Gauntlet)
  4 white draconians
  4 deep elf annihilators
  Snorg (D:14)
  A blizzard demon (Depths:2)
  4 merfolk javelineers
  A crystal guardian (Vaults:4)
  4 deep elf death magi
  Josephine (Orc:2)
  A jiangshi (Depths:1)
  7 deep elf high priests
  10 ettins
  6 yaktaur captains
  3 merfolk impalers
  7 great orbs of eyes
  4 rakshasas
  4 ironbound thunderhulks
  Harold (D:7)
  6 fire dragons
  20 vault guards
  4 ice dragons
  8 hydras
  An ogre mage (Vaults:5)
  5 spriggan air magi
  A peacekeeper (Vaults:3)
  3 merfolk avatars
  2 catoblepae
  4 centaur warriors
  A boulder beetle (Vaults:1)
  4 ironbound frosthearts
  A two-headed ogre (shapeshifter) (Elf:3)
  A death knight (D:15)
  19 dancing weapons
  2 merfolk aquamancers
  5 deep troll earth magi
  4 death yaks
  7 two-headed ogres
  A satyr (Shoals:3)
  7 deep troll shamans
  4 tengu warriors
  A vampire mage (Depths:1)
  An ironbound beastmaster (Vaults:1)
  7 spriggan berserkers
  3 sun demons
  A wretched star (Abyss:5)
  8 hell knights
  Nergalle (D:11)
  11 deep elf knights
  A sea snake (shapeshifter) (Vaults:5)
  A salamander mystic (Depths:5)
  22 deep trolls
  A storm dragon skeleton (Depths:2)
  7 glowing orange brains
  2 iron trolls
  5 sea snakes
  A shadow demon (Abyss:5)
  A flayed ghost (Depths:3)
  3 deep elf archers
  2 phantasmal warriors (Vaults:5)
  6 wizards
  6 ironbound convokers
  7 orc knights
  14 orb spiders
  3 orange crystal statues
  5 fauns
  Pikel (D:4)
  4 necromancers
  14 deep elf pyromancers
  3 harpies
  18 deep elf zephyrmancers
  A mana viper (shapeshifter) (Gauntlet)
  2 orc sorcerers (Orc:2)
  31 ugly things
  30 wolf spiders
  3 salamanders (Depths:5)
  3 cyclopes
  11 moths of wrath
  A frost giant skeleton (Depths:1)
  7 vault sentinels
  6 manticores
  A black mamba (Lair:4)
  Joseph (D:8)
  9 merfolk sirens
  10 elephants
  3 water nymphs
  3 eyes of devastation (WizLab)
  A rust devil (Depths:3)
  A torpor snail (Spider:2)
  An apocalypse crab (Gauntlet)
  Maggie (D:8)
  3 smoke demons
  A spriggan skeleton (Depths:1)
  3 kobold demonologists
  18 cane toads
  5 gargoyles
  A komodo dragon (shapeshifter) (Elf:1)
  7 demonic crawlers
  5 komodo dragons
  5 rime drakes
  24 yaktaurs
  8 tengu conjurers
  An efreet (D:15)
  2 ancient zymes (Abyss:5)
  31 jumping spiders
  A meliai (shapeshifter) (D:10)
  A yaktaur skeleton (Vaults:3)
  2 polar bears (Lair:6)
  6 trolls
  A shadow dragon simulacrum (Depths:2)
  2 tyrant leeches
  21 merfolk
  3 wind drakes
  4 raiju
  Prince Ribbit (D:7)
  7 dream sheep (Lair:6)
  2 snapping turtles (Shoals:4)
  22 blink frogs
  9 slime creatures
  7 hornets
  A flying skull (Spider:1)
  Sigmund (D:5)
  15 water elementals
  2 spriggans
  2 air elementals
  An ice dragon skeleton (Depths:1)
  51 redbacks
  Eustachio (D:5)
  31 tarantellas
  An elf zombie (Depths:2)
  2 fire bats (Depths:3)
  A vampire (D:10)
  5 wyverns
  4 wraiths
  4 humans (D:13)
  24 yaks
  3 basilisks
  2 fire elementals (Elf:3)
  A hog (shapeshifter) (Elf:3)
  6 hogs (D:14)
  12 vampire mosquitoes
  A basilisk (shapeshifter) (Depths:1)
  4 golden eyes (WizLab)
  A neqoxec (Depths:2)
  Edmund (D:5)
  3 wargs
  A steam dragon (D:8)
  A small abomination (Abyss:5)
  2 acid dragons
  14 water moccasins
  A floating eye (Depths:2)
  Duvessa (D:5)
  A swamp drake (shapeshifter) (Vaults:5)
  A black bear (D:5)
  A hornet zombie (D:5)
  An ice beast (D:7)
  4 necrophages
  24 orc warriors
  A sky beast (D:6)
  10 starcursed masses
  11 ogres
  3 wolves
  2 boggarts (Vaults:1)
  12 centaurs
  A phantom (D:6)
  5 kobold brigands
  15 bullfrogs
  Blork the orc (D:5)
  2 earth elementals (Elf:3)
  6 scorpions
  Dowan (D:5)
  3 killer bees
  A wight (D:9)
  2 howler monkeys
  10 electric eels
  A crimson imp (D:5)
  6 hounds (D:9)
  A stone giant zombie (Depths:4)
  15 orc priests
  9 centaur zombies
  Crazy Yiuf (D:4)
  3 centaur skeletons
  2 iguanas (D:7)
  A scorpion zombie (D:5)
  Natasha (thrice) (D:4)
  20 orc wizards
  A fire dragon zombie (Depths:5)
  2 human simulacra (D:14)
  3 howler monkey zombies
  4 gnolls (D:3)
  8 adders
  2 howler monkey skeletons
  A river rat (D:5)
  A white imp (D:5)
  An ufetubus (D:6)
  An adder skeleton (D:5)
  A worm (D:2)
  2 dart slugs
  41 orcs
  7 ball pythons
  4 endoplasms
  3 giant cockroaches
  5 goblins
  6 hobgoblins
  10 jackals
  21 kobolds
  9 quokkas
  7 bats
  4 frilled lizards
  11 rats
  7 starspawn tentacles
  2 tentacles (Shoals:1)
1419 creatures vanquished.

Vanquished Creatures (collateral kills)
  Mennas (Vaults:2)
  A juggernaut (Depths:4)
  A caustic shrike (Depths:3)
  Nikola (Shoals:3)
  A golden dragon (Depths:4)
  Jorgrun (D:15)
  Arachne (Spider:4)
  3 tentacled monstrosities (Zot:2)
  The ghost of Silenth the Arsonist, an adept DrFE of Vehumet (Vaults:1)
  Rupert (D:15)
  3 liches
  Asterion (Depths:2)
  A moon troll (WizLab)
  4 quicksilver dragons (Depths:4)
  3 titans (Vaults:5)
  A deep elf blademaster (Elf:3)
  2 deep elf master archers (Elf:3)
  A death cob (Zot:2)
  2 sphinxes
  Polyphemus (Shoals:4)
  6 tentacled starspawn (WizLab)
  A storm dragon (Depths:5)
  2 tengu reavers
  A shadow dragon (Vaults:5)
  Ilsuiw (Shoals:3)
  5 fire giants
  2 ghost moths (Spider:4)
  3 frost giants
  An orc warlord (D:9)
  10 vault wardens
  A draconian shifter (Zot:2)
  4 deep elf sorcerers (Elf:3)
  A draconian scorcher (Zot:2)
  A cacodemon (WizLab)
  A deep elf elementalist (Elf:3)
  14 ironbound preservers
  An emperor scorpion (Spider:4)
  A draconian annihilator (Zot:2)
  3 war gargoyles
  11 stone giants
  11 very ugly things
  5 spark wasps
  The ghost of Cheops the Nimble, a journeyman DjFE of Ashenzari (D:12)
  An entropy weaver (Vaults:2)
  A red draconian (Depths:5)
  4 deep elf demonologists
  A yellow draconian (Zot:2)
  3 dire elephants (Vaults:1)
  7 deep elf annihilators
  4 merfolk javelineers
  2 purple draconians
  3 deep elf death magi
  2 crystal guardians (Vaults:3)
  6 ettins
  A merfolk impaler (Shoals:4)
  4 fire dragons
  6 yaktaur captains
  A jiangshi (Depths:1)
  18 vault guards
  2 deep elf high priests (Elf:3)
  2 rakshasas (Depths:1)
  5 ice dragons
  6 spriggan air magi (Depths:4)
  4 boulder beetles
  5 great orbs of eyes
  2 alligator snapping turtles
  2 peacekeepers
  2 hydras
  4 satyrs
  An ogre mage (D:15)
  3 catoblepae
  A deep troll shaman (Depths:3)
  7 ironbound frosthearts
  5 ironbound thunderhulks
  16 centaur warriors
  A merfolk aquamancer (Shoals:4)
  5 death yaks
  7 dancing weapons
  2 two-headed ogres (D:15)
  6 tengu warriors
  A deep troll earth mage (Depths:2)
  2 spriggan berserkers (Depths:3)
  A storm dragon zombie (Depths:2)
  3 spriggans
  An ironbound beastmaster (Vaults:1)
  2 soul eaters
  A hell knight (Vaults:5)
  3 deep elf knights
  A sixfirhy (Depths:1)
  5 sea snakes
  A fire crab (D:13)
  A wretched star (WizLab)
  34 deep trolls
  A skeletal warrior (D:15)
  5 glowing orange brains
  4 flayed ghosts
  6 wizards
  7 deep elf archers
  13 ironbound convokers
  A lindwurm (D:11)
  A phantasmal warrior (Spider:3)
  7 harpies
  3 orc knights
  An obsidian statue (Vaults:1)
  4 necromancers
  A tengu zombie (Depths:1)
  5 deep elf zephyrmancers
  8 wolf spiders
  12 orb spiders
  11 deep elf pyromancers
  A tengu skeleton (Vaults:3)
  3 cyclopes
  14 fauns
  An orc sorcerer (Orc:2)
  24 ugly things
  2 manticores
  10 elephants
  2 moths of wrath
  A human skeleton (Vaults:3)
  2 merfolk sirens (Shoals:1)
  7 vault sentinels
  A smoke demon (Depths:5)
  5 water nymphs
  10 cane toads
  An eye of devastation (shapeshifter) (Elf:2)
  An eye of devastation (WizLab)
  An unseen horror (D:12)
  An elf skeleton (Depths:1)
  3 komodo dragons
  27 yaktaurs
  A yaktaur skeleton (Vaults:3)
  5 demonic crawlers
  3 tengu conjurers
  An ice devil (Depths:1)
  2 freezing wraiths
  2 trolls
  A red devil (Depths:2)
  16 jumping spiders
  A polar bear (Lair:6)
  A wind drake (Shoals:4)
  11 merfolk
  A tyrant leech (Lair:6)
  A wind drake (shapeshifter) (D:15)
  6 hornets
  4 blink frogs
  16 slime creatures
  6 snapping turtles
  A vampire (D:12)
  9 tarantellas
  2 wraiths (D:15)
  17 redbacks
  7 water elementals
  12 yaks
  A fire dragon skeleton (Depths:1)
  A fire bat (Depths:3)
  A basilisk (D:14)
  15 humans (D:13)
  A golden eye (WizLab)
  A neqoxec (WizLab)
  A hog (D:14)
  9 vampire mosquitoes
  A chaos spawn (Depths:2)
  2 wargs
  5 water moccasins
  A floating eye (Depths:2)
  2 black bears
  7 orc warriors
  A starcursed mass (WizLab)
  3 wolves
  3 ogres
  7 boggarts
  5 centaurs
  7 bullfrogs
  A scorpion (Spider:2)
  An earth elemental (Elf:3)
  3 killer bees (D:11)
  3 electric eels
  A howler monkey (D:10)
  A lava snake (D:11)
  A centaur zombie (D:7)
  An orc priest (D:15)
  4 orc wizards
  A killer bee zombie (D:9)
  A redback zombie (Spider:4)
  2 human zombies (Vaults:4)
  14 orcs
  A kobold (D:5)
  An orc zombie (Orc:2)
  3 bushes
  A plant (D:11)
  4 starspawn tentacles (WizLab)
777 creatures vanquished.

Vanquished Creatures (others)
  2 bone dragons
  10 profane servitors
  A draconian knight (Zot:1)
  9 ghouls
  9 vampire knights
  A green draconian (Zot:2)
  A black draconian (Zot:1)
  A yellow draconian (Zot:1)
  A deep elf high priest (Elf:3)
  10 skeletal warriors
  6 flayed ghosts
  5 phantasmal warriors
  7 flying skulls
  8 vampires
  4 wraiths
  A juggernaut zombie (Depths:4)
  3 storm dragon zombies
  An orc warrior (Orc:2)
  3 quicksilver dragon zombies (Depths:4)
  2 titan zombies (Vaults:5)
  5 very ugly thing zombies
  16 ugly thing zombies
  4 shadow dragon zombies
  An iron dragon zombie (Depths:5)
  5 golden dragon zombies
  28 redback zombies
  12 wolf spider zombies
  5 fire giant zombies
  2 dire elephant zombies (Vaults:1)
  2 sphinx zombies
  6 spark wasp zombies
  5 frost giant zombies
  10 stone giant zombies
  A draconian zombie (Depths:5)
  5 moth of wrath zombies
  A ghoul skeleton (Vaults:5)
  7 harpy zombies
  3 death yak zombies (Shoals:4)
  4 emperor scorpion zombies
  A green draconian zombie (Zot:2)
  2 hydra zombies
  9 merfolk zombies
  2 white draconian zombies
  5 yellow draconian zombies
  10 spriggan zombies
  19 yaktaur zombies
  A purple draconian zombie (Depths:5)
  3 ice dragon zombies
  A merfolk skeleton (Shoals:3)
  9 jumping spider zombies
  14 tarantella zombies
  9 blink frog zombies
  2 demonic crawler zombies
  2 mummies
  6 sea snake zombies
  2 wind drake zombies
  33 human zombies
  5 ettin zombies
  2 fire dragon zombies
  A satyr zombie (Shoals:4)
  A shadow imp (D:8)
  A tyrant leech zombie (Lair:6)
  2 snapping turtle zombies (Shoals:4)
  2 vampire mosquito zombies (Lair:6)
  2 manticore zombies
  16 deep troll zombies
  2 dream sheep zombies (Lair:6)
  4 elephant zombies
  19 elf zombies
  7 faun zombies
  3 hornet zombies
  2 polar bear zombies (Lair:6)
  2 rime drake zombies
  4 tengu zombies
  A warg zombie (Vaults:5)
  4 water moccasin zombies
  A wyvern zombie (Lair:4)
  A cane toad skeleton (Lair:6)
  8 cane toad zombies
  2 hog zombies (D:14)
  6 orb spider zombies
  A scorpion zombie (D:6)
  An orc (Vaults:5)
  2 basilisk zombies
  2 komodo dragon zombies
  7 ogre zombies
  11 yak zombies
  An acid dragon zombie (D:9)
  8 bullfrog zombies
  8 centaur zombies
  2 electric eel zombies
  A giant cockroach zombie (D:5)
  3 hound zombies (D:9)
  A howler monkey zombie (D:10)
  A killer bee zombie (D:10)
  3 kobold zombies
  A necrophage skeleton (D:5)
  An orc skeleton (D:8)
  40 orc zombies
  A quokka skeleton (D:5)
  A quokka zombie (D:5)
  A raiju zombie (Abyss:5)
  A river rat zombie (D:5)
  2 troll zombies
  2 wolf zombies (Lair:2)
  2 demonic plants (WizLab)
  95 fungi
  410 plants
  36 starspawn tentacles
  8 tentacles (Shoals:1)
1088 creatures vanquished.

Grand Total: 3284 creatures vanquished

Notes
Turn   | Place    | Note
-------+----------+-------------------------------------------
     0 | D:1      | TheGamechu the Minotaur Fighter began the quest for the
                  | Orb.
     0 | D:1      | Reached XP level 1. HP: 19/19 MP: 0/0
   172 | D:1      | Reached XP level 2. HP: 25/27 MP: 1/1
   483 | D:1      | Found Nucid's Book Shop.
   615 | D:1      | Reached skill level 4 in Fighting
   786 | D:1      | Reached XP level 3. HP: 33/33 MP: 2/2
  1537 | D:2      | Found Ziotzoj's General Store.
  1661 | D:2      | Reached XP level 4. HP: 40/40 MP: 3/3
  2116 | D:3      | Reached skill level 1 in Throwing
  2116 | D:3      | Reached skill level 5 in Shields
  2122 | D:3      | Found a faded altar of an unknown god.
  2156 | D:3      | Found a stormy altar of Qazlal.
  2169 | D:3      | Found a hide-covered altar of Uskayaw.
  2184 | D:3      | Reached XP level 5. HP: 38/47 MP: 4/4
  2373 | D:3      | Found an ornate altar of the Wu Jian Council.
  2412 | D:3      | Found a shimmering altar of Xom.
  2743 | D:3      | You fall into a shaft and drop 1 floor!
  3330 | D:4      | Found a staircase to the Ecumenical Temple.
  3341 | Temple   | Entered the Ecumenical Temple
  3518 | Temple   | Became a worshipper of Yredelemnul the Dark
  3590 | D:4      | Got the Incunabulum of the Last Defenders
  3658 | D:4      | Noticed an ogre
  3690 | D:4      | Killed an ogre
  3691 | D:4      | Reached XP level 6. HP: 22/55 MP: 5/5
  3898 | D:4      | Noticed Natasha
  3908 | D:4      | Killed Natasha
  3924 | D:4      | Noticed Natasha
  3931 | D:4      | Killed Natasha
  3932 | D:4      | Reached skill level 5 in Fighting
  4014 | D:4      | Noticed Pikel
  4031 | D:4      | Killed Pikel
  4032 | D:4      | Reached XP level 7. HP: 12/62 MP: 6/6
  4247 | D:4      | Noticed Natasha
  4258 | D:4      | Killed Natasha
  4465 | D:4      | Found a snail-covered altar of Cheibriados.
  4701 | D:4      | Found a runed translucent door.
  4702 | D:4      | Noticed Crazy Yiuf
  4993 | D:4      | Killed Crazy Yiuf
  5121 | D:5      | Entered Level 5 of the Dungeon
  5132 | D:4      | Reached skill level 6 in Fighting
  5132 | D:4      | Reached XP level 8. HP: 70/70 MP: 7/7
  5195 | D:5      | Identified the +9 rapier of Ligic {freeze, rPois rF+ Str+4}
  5303 | D:5      | Noticed Blork the orc
  5311 | D:5      | Killed Blork the orc
  5326 | D:5      | Noticed Edmund
  5330 | D:5      | Killed Edmund
  5330 | D:5      | Reached * piety under Yredelemnul
  5331 | D:5      | Reached skill level 1 in Invocations
  5384 | D:5      | Noticed Dowan
  5385 | D:5      | Noticed Duvessa
  5394 | D:5      | Killed Dowan
  5401 | D:5      | Killed Duvessa
  5632 | D:5      | Found Plog's Magic Scroll Boutique.
  5659 | D:5      | Noticed Sigmund
  5678 | D:5      | Reached skill level 5 in Throwing
  5684 | D:5      | Killed Sigmund
  5685 | D:5      | Reached skill level 7 in Fighting
  6175 | D:5      | Reached XP level 9. HP: 77/79 MP: 10/10
  6554 | D:6      | Noticed Eustachio
  6613 | D:5      | Killed Eustachio
  6772 | D:6      | Reached skill level 8 in Fighting
  6987 | D:6      | Found Nacioz's Jewellery Shop.
  6992 | D:6      | Reached ** piety under Yredelemnul
  7345 | D:7      | Noticed Prince Ribbit
  7346 | D:7      | Noticed Harold
  7365 | D:7      | Killed Harold
  7366 | D:7      | Reached XP level 10. HP: 55/90 MP: 8/12
  7825 | D:7      | Reached skill level 5 in Invocations
  8001 | D:7      | Found a glowing silver altar of Zin.
  8120 | D:7      | Killed Prince Ribbit
  8382 | D:8      | Found a shadowy altar of Dithmenos.
  8391 | D:8      | Noticed Maggie
  8404 | D:8      | Killed Maggie
  8524 | D:8      | Identified the amulet of Ovuubem {RegenMP rC+ Will+ Regen+}
  8582 | D:8      | Noticed Joseph
  8592 | D:8      | Killed Joseph
  8593 | D:8      | Reached skill level 9 in Fighting
  8614 | D:8      | Found an ancient bone altar of Kikubaaqudgha.
  8950 | D:8      | Reached skill level 10 in Shields
  9362 | D:9      | Reached *** piety under Yredelemnul
  9409 | D:9      | Found a staircase to the Lair.
  9527 | D:9      | Found a staircase to the Orcish Mines.
  9580 | D:9      | Found a sparkling altar of Nemelex Xobeh.
  9746 | D:9      | Reached XP level 11. HP: 99/99 MP: 14/14
  9760 | D:10     | Entered Level 10 of the Dungeon
  9975 | D:9      | Reached skill level 10 in Fighting
 10075 | D:10     | Noticed a four-headed hydra
 10155 | D:9      | Killed a four-headed hydra
 10155 | D:9      | Reached **** piety under Yredelemnul
 10156 | D:9      | Received a gift from Yredelemnul (a mummy)
 10362 | D:10     | Identified the ring "Roucuuc" {Int+4 SInv}
 10448 | D:10     | Found a burning altar of Makhleb.
 10790 | D:10     | Found a broken altar of Ashenzari.
 10820 | D:10     | Received a gift from Yredelemnul (3 flying skulls)
 11126 | Lair:1   | Entered Level 1 of the Lair of Beasts
 11378 | D:2      | Bought a lightning rod (4/4) for 330 gold pieces
 11680 | Lair:1   | Reached skill level 10 in Throwing
 11902 | Lair:1   | Reached skill level 11 in Fighting
 11902 | Lair:1   | Reached skill level 1 in Evocations
 12162 | Lair:1   | Identified 3 scrolls of acquirement
 12162 | Lair:1   | Acquired a manual of Shields
 12168 | Lair:1   | Acquired the +3 pair of seven-league boots {Rampage+∞}
 12168 | Lair:1   | Found the +3 pair of seven-league boots {Rampage+∞}
 12286 | Lair:1   | Acquired the ring "Xum Ciph" {rPois rF+ SInv}
 12302 | Lair:2   | Noticed a catoblepas
 12310 | Lair:1   | Killed a catoblepas
 12311 | Lair:1   | Reached XP level 12. HP: 104/110 MP: 16/16
 12327 | Lair:1   | Received a gift from Yredelemnul (a wraith)
 12644 | Lair:2   | Noticed a four-headed hydra
 12650 | Lair:2   | Killed a four-headed hydra
 12650 | Lair:2   | Noticed a catoblepas
 12660 | Lair:2   | Killed a catoblepas
 12747 | Lair:2   | Noticed a seven-headed hydra
 12752 | Lair:2   | Killed a seven-headed hydra
 12993 | Lair:2   | Reached skill level 15 in Shields
 13019 | Lair:2   | Found a hole to the Spider Nest.
 13450 | Lair:3   | Noticed a six-headed hydra
 13460 | Lair:3   | Killed a six-headed hydra
 13551 | Lair:3   | Reached skill level 12 in Fighting
 13795 | Lair:3   | Noticed an eight-headed hydra
 13803 | Lair:3   | Killed an eight-headed hydra
 13982 | Lair:3   | Reached ***** piety under Yredelemnul
 14080 | Lair:3   | Found a staircase to the Shoals.
 14536 | Lair:4   | Noticed Nessos
 14536 | Lair:4   | Noticed a catoblepas
 14557 | Lair:4   | Killed a catoblepas
 14565 | Lair:4   | Killed Nessos
 14566 | Lair:4   | Noticed a death yak
 14567 | Lair:4   | Noticed a death yak
 14569 | Lair:4   | Noticed a death yak
 14574 | Lair:4   | Found a gate leading to a gauntlet.
 14583 | Gauntlet | Entered a Gauntlet
 14583 | Gauntlet | Found a transporter.
 14634 | Gauntlet | Found a transporter.
 14635 | Gauntlet | Found a transporter.
 14646 | Gauntlet | Found a transporter.
 14649 | Gauntlet | Found a transporter.
 14661 | Gauntlet | Found a transporter.
 14675 | Gauntlet | Found a transporter.
 14679 | Gauntlet | Found a runed translucent door.
 14687 | Gauntlet | Found a transporter.
 14697 | Gauntlet | Noticed a satyr
 14698 | Gauntlet | Found a transporter.
 14703 | Gauntlet | Found a transporter.
 14708 | Gauntlet | Noticed an alligator
 14708 | Gauntlet | a satyr changed into an alligator
 14714 | Gauntlet | Noticed an anaconda
 14714 | Gauntlet | an alligator changed into an anaconda
 14720 | Gauntlet | Found a transporter.
 14721 | Gauntlet | an anaconda changed into a shock serpent
 14731 | Gauntlet | Found a transporter.
 14731 | Gauntlet | Found a transporter.
 14758 | Gauntlet | Noticed a two-headed ogre
 14758 | Gauntlet | a glowing shapeshifter changed into a two-headed ogre
 14760 | Gauntlet | a two-headed ogre changed into a sea snake
 14774 | Gauntlet | Noticed a two-headed ogre
 14774 | Gauntlet | a snapping turtle changed into a two-headed ogre
 14775 | Gauntlet | a two-headed ogre changed into a faun
 14791 | Gauntlet | Found a transporter.
 14870 | Gauntlet | Reached XP level 13. HP: 114/119 MP: 9/18
 15004 | Gauntlet | Identified the +7 morningstar of Plog {vorpal, Str+7}
 15006 | Gauntlet | Identified the ring "Fahuom" {rF+ rC+}
 15044 | Gauntlet | Identified the +6 dagger of Action {vorpal, Will++ rCorr
                  | Int+3 Dex+2}
 15044 | Gauntlet | Noticed a minotaur
 15054 | Gauntlet | Killed a minotaur
 15055 | Gauntlet | Reached skill level 5 in Evocations
 15212 | Lair:4   | Received a gift from Yredelemnul (a mummy)
 15309 | Lair:4   | Received a gift from Yredelemnul (a wraith)
 15316 | Lair:4   | Reached skill level 1 in Maces & Flails
 15485 | Lair:4   | Reached skill level 13 in Fighting
 16674 | Lair:6   | Entered Level 6 of the Lair of Beasts
 16707 | Lair:6   | Reached skill level 5 in Maces & Flails
 17063 | Lair:6   | Reached XP level 14. HP: 109/129 MP: 19/19
 17105 | Lair:6   | Identified the ring of Viteunn {Will+ EV+4 Dex+5}
 17181 | Lair:6   | Found a staircase to the Slime Pits.
 17342 | Lair:6   | Received a gift from Yredelemnul (a vampire)
 17430 | Lair:6   | Found a sacrificial altar of Ru.
 17530 | Lair:6   | Reached skill level 14 in Fighting
 17942 | Orc:1    | Entered Level 1 of the Orcish Mines
 17943 | Orc:1    | Noticed an orc warlord
 17976 | D:9      | Killed an orc warlord
 18373 | Orc:2    | Entered Level 2 of the Orcish Mines
 18373 | Orc:2    | Noticed Josephine
 18384 | Orc:2    | Killed Josephine
 18420 | Orc:2    | Found a staircase to the Elven Halls.
 18421 | Orc:2    | Found Voirchov's Antique Weapon Shoppe.
 18431 | Orc:2    | Your ally Josephine died
 18434 | Orc:2    | Received a gift from Yredelemnul (a vampire)
 18474 | Orc:2    | Found Juih's Jewellery Emporium.
 18492 | Orc:2    | Bought a runed broad axe for 210 gold pieces
 18530 | Orc:2    | Found Zabiyc's Mass Market.
 18557 | Orc:2    | Received a gift from Yredelemnul (a wraith)
 18575 | Orc:1    | Reached ****** piety under Yredelemnul
 18681 | Orc:2    | Noticed Saint Roka
 18686 | Orc:2    | Received a gift from Yredelemnul (a vampire)
 19073 | Orc:1    | Killed Saint Roka
 19074 | Orc:1    | Reached skill level 10 in Maces & Flails
 19156 | Orc:2    | Noticed an orc warlord
 19264 | Orc:2    | Killed an orc warlord
 19265 | Orc:2    | Reached skill level 5 in Armour
 19292 | Orc:2    | Received a gift from Yredelemnul (5 flying skulls)
 19430 | Orc:2    | Found Riluabla's Antique Weapon Shop.
 19490 | Orc:2    | Found Zuskargho's General Store.
 19588 | Orc:2    | Found Obluob's Antique Armour Shop.
 19626 | Orc:2    | Bought an embroidered scarf for 280 gold pieces
 19873 | Spider:1 | Entered Level 1 of the Spider Nest
 20068 | Spider:1 | Reached XP level 15. HP: 134/139 MP: 20/20
 20202 | Spider:1 | Received a gift from Yredelemnul (a skeletal warrior)
 20548 | Spider:1 | Received a gift from Yredelemnul (a skeletal warrior)
 20612 | Spider:2 | Reached skill level 15 in Fighting
 20708 | Spider:2 | Received a gift from Yredelemnul (a phantasmal warrior)
 20802 | Spider:2 | Received a gift from Yredelemnul (a vampire knight)
 21074 | Spider:2 | Received a gift from Yredelemnul (a flayed ghost)
 21554 | Spider:3 | Received a gift from Yredelemnul (a wraith)
 22289 | Spider:4 | Entered Level 4 of the Spider Nest
 22292 | Spider:4 | Noticed Arachne
 22308 | Spider:4 | Killed Arachne
 22462 | Spider:4 | Reached XP level 16. HP: 130/149 MP: 19/21
 22705 | Spider:4 | Received a gift from Yredelemnul (a skeletal warrior)
 22874 | Spider:4 | Reached skill level 16 in Fighting
 22897 | Spider:4 | Received a gift from Yredelemnul (a ghoul)
 22932 | Spider:4 | Got a gossamer rune of Zot
 23600 | Elf:1    | Entered Level 1 of the Elven Halls
 23768 | Shoals:1 | Entered Level 1 of the Shoals
 23904 | Shoals:1 | Reached skill level 15 in Maces & Flails
 23948 | Shoals:1 | Reached skill level 10 in Armour
 24020 | Shoals:1 | Noticed a kraken
 24030 | Shoals:1 | Killed a kraken
 24056 | Shoals:1 | Received a gift from Yredelemnul (a vampire knight)
 24879 | Shoals:2 | Found Reifeaz's Gadget Gallery.
 24894 | Shoals:2 | Bought a phantom mirror for 480 gold pieces
 25012 | Shoals:3 | Noticed Ilsuiw
 25014 | Shoals:3 | Received a gift from Yredelemnul (a phantasmal warrior)
 25195 | Shoals:3 | Noticed Nikola
 25204 | Shoals:3 | Killed Nikola
 25205 | Shoals:3 | Reached XP level 17. HP: 120/160 MP: 22/22
 25499 | Shoals:3 | Received a gift from Yredelemnul (a skeletal warrior)
 25723 | Shoals:3 | Killed Ilsuiw
 25909 | Shoals:4 | Entered Level 4 of the Shoals
 25925 | Shoals:4 | Received a gift from Yredelemnul (a flayed ghost)
 25932 | Shoals:4 | Reached skill level 15 in Throwing
 26078 | Shoals:4 | Reached skill level 17 in Fighting
 26091 | Shoals:4 | Noticed Polyphemus
 26103 | Shoals:4 | Killed Polyphemus
 26153 | Shoals:4 | Received a gift from Yredelemnul (a profane servitor)
 26311 | Shoals:4 | Got a barnacled rune of Zot
 26330 | Shoals:4 | Received a gift from Yredelemnul (a profane servitor)
 27097 | Elf:1    | Received a gift from Yredelemnul (a flayed ghost)
 27231 | Elf:1    | Found Johie's Weapon Boutique.
 27288 | Elf:1    | Paralysed by an air elemental for 1 turns
 27442 | Elf:1    | Received a gift from Yredelemnul (a skeletal warrior)
 27667 | Elf:1    | You fall into a shaft and drop 1 floor!
 27668 | Elf:2    | Found a runed translucent gate.
 27669 | Elf:2    | Found a runed translucent gate.
 27669 | Elf:2    | Found a runed translucent gate.
 27689 | Elf:2    | Reached skill level 10 in Invocations
 27707 | Elf:2    | Received a gift from Yredelemnul (a bone dragon)
 28011 | Elf:2    | Identified the +3 demon whip "Ruta" {speed, rElec rCorr
                  | MP+9 Stlth+}
 28341 | Elf:2    | Received a gift from Yredelemnul (a vampire knight)
 28785 | Elf:2    | Reached XP level 18. HP: 96/171 MP: 24/24
 29079 | Elf:2    | Received a gift from Yredelemnul (a vampire knight)
 29197 | Elf:3    | Entered Level 3 of the Elven Halls
 29258 | Elf:3    | Reached skill level 18 in Fighting
 29282 | Elf:3    | Received a gift from Yredelemnul (a vampire)
 29539 | Elf:3    | Received a gift from Yredelemnul (a vampire)
 29767 | Elf:3    | Reached skill level 10 in Evocations
 29909 | Elf:3    | Noticed a Brimstone Fiend
 29917 | Elf:3    | Cast into level 3 of the Abyss (a deep elf demonologist)
 29922 | Abyss:3  | Found a corrupted altar of Lugonu.
 29993 | Abyss:5  | Entered Level 5 of the Abyss
 30103 | Elf:3    | Escaped the Abyss
 30116 | Elf:3    | Noticed an Ice Fiend
 30122 | Elf:3    | Noticed a Tzitzimitl
 30330 | Elf:3    | Identified the +6 mace of Impeachment {drain, rPois rF+
                  | rCorr}
 30330 | Elf:3    | Identified the +0 tower shield of Kopyph {rPois}
 30468 | Elf:3    | Got the Guide on the Birds and Companions
 30477 | Elf:3    | Got Dipsask's Papyrus of Creative Necromancy
 30483 | Elf:3    | Got Weuxt's Almanac of Poison
 30639 | Elf:3    | Got the Incunabulum of Mutagenic Calling
 30663 | Elf:3    | Identified the ring of Suacuili {Fly Dex+6}
 30680 | Elf:3    | Identified the ring of Ibam {Will+ rCorr Str-2 Slay+2}
 30713 | Elf:3    | Acquired a manual of Throwing
 31135 | D:5      | Bought a scroll of brand weapon for 240 gold pieces
 31135 | D:5      | Bought 3 scrolls of enchant weapon for 270 gold pieces
 31390 | D:11     | Found a runed translucent door.
 31415 | D:11     | Found a runed translucent gate.
 31419 | D:11     | Identified the +7 whip "Waixo" {vorpal, rC- Int+8 Dex-4
                  | SInv}
 31421 | D:11     | Found a runed translucent gate.
 31424 | D:11     | Found a runed translucent gate.
 31424 | D:11     | Found a runed translucent gate.
 31424 | D:11     | Found a runed translucent gate.
 31424 | D:11     | Found a runed translucent gate.
 31607 | D:11     | Noticed Nergalle
 31623 | D:11     | Killed Nergalle
 31624 | D:11     | Reached skill level 1 in Polearms
 31781 | D:12     | Received a gift from Yredelemnul (a profane servitor)
 31828 | D:12     | Found Saqiq's Distillery.
 31836 | D:12     | Bought a potion of heal wounds for 70 gold pieces
 31836 | D:12     | Bought a potion of heal wounds for 70 gold pieces
 31836 | D:12     | Bought a potion of curing for 42 gold pieces
 31836 | D:12     | Bought a potion of curing for 42 gold pieces
 31836 | D:12     | Bought a potion of curing for 42 gold pieces
 31836 | D:12     | Bought a potion of heal wounds for 70 gold pieces
 31836 | D:12     | Bought a potion of heal wounds for 70 gold pieces
 31846 | D:12     | Found Iniorhot's Assorted Antiques.
 31850 | D:12     | Found a blossoming altar of Fedhas.
 31945 | D:12     | Found a large runed translucent door.
 31945 | D:12     | Found a large runed translucent door.
 31950 | D:12     | Noticed Cheops's ghost (journeyman DjFE)
 32024 | D:12     | Killed Cheops's ghost
 32069 | D:12     | Found Ussaffiq's Antique Armour Shoppe.
 32078 | D:12     | Bought the +1 cloak of Starlight {*Dazzle EV+4 Stlth--} for
                  | 732 gold pieces
 32078 | D:12     | Found the +1 cloak of Starlight {*Dazzle EV+4 Stlth--}
 32086 | D:12     | Received a gift from Yredelemnul (a profane servitor)
 32569 | D:13     | Received a gift from Yredelemnul (a vampire knight)
 32846 | D:13     | Found a gate to the Vaults.
 32850 | D:13     | Reached XP level 19. HP: 181/181 MP: 26/26
 33284 | D:14     | Noticed Kirke
 33293 | D:14     | Noticed Snorg
 33298 | D:14     | Received a gift from Yredelemnul (a phantasmal warrior)
 33324 | D:14     | Killed Snorg
 33328 | D:14     | Killed Kirke
 33482 | D:14     | Found an iron altar of Okawaru.
 33497 | D:14     | Identified the +6 hand axe "Taeleali" {vorpal, rC+ Stlth+}
 33849 | D:14     | Noticed Louise
 33864 | D:14     | Killed Louise
 34041 | D:15     | Entered Level 15 of the Dungeon
 34059 | D:15     | Reached skill level 5 in Polearms
 34102 | D:15     | Killed Rupert
 34107 | D:15     | Received a gift from Yredelemnul (a vampire knight)
 34108 | D:15     | Reached skill level 19 in Fighting
 34131 | D:15     | Received a gift from Yredelemnul (a ghoul)
 34290 | D:15     | Noticed Jorgrun
 34298 | D:15     | Killed Jorgrun
 34339 | D:15     | Found a staircase to the Depths.
 34587 | D:15     | Found a radiant altar of Vehumet.
 34997 | Vaults:1 | Entered Level 1 of the Vaults
 35060 | Vaults:1 | Received a gift from Yredelemnul (a phantasmal warrior)
 35295 | Vaults:1 | Received a gift from Yredelemnul (a ghoul)
 35372 | Vaults:1 | Found a runed translucent gate.
 35373 | Vaults:1 | Found a runed translucent gate.
 35373 | Vaults:1 | Found an opulent altar of Gozag.
 35374 | Vaults:1 | Found a runed translucent gate.
 35374 | Vaults:1 | Noticed Silenth's ghost (adept DrFE)
 35377 | Vaults:1 | Found Juniczar's Assorted Antiques.
 35393 | Vaults:1 | Killed Silenth's ghost
 35517 | Vaults:1 | Received a gift from Yredelemnul (a ghoul)
 35631 | Vaults:1 | Received a gift from Yredelemnul (a vampire knight)
 35744 | Vaults:1 | Found Cankant's Distillery.
 35949 | Vaults:1 | Received a gift from Yredelemnul (a phantasmal warrior)
 36551 | Vaults:2 | Found a magical portal.
 36569 | WizLab   | Entered Lehudib's Moon Base
 36684 | WizLab   | Reached skill level 10 in Polearms
 36775 | WizLab   | Reached XP level 20. HP: 192/192 MP: 28/28
 36990 | WizLab   | Acquired 502 gold pieces
 37043 | WizLab   | Paralysed by accursed screaming for 1 turns
 37166 | WizLab   | Received a gift from Yredelemnul (a profane servitor)
 37314 | WizLab   | Received a gift from Yredelemnul (a vampire knight)
 37387 | WizLab   | Found a transporter.
 37559 | WizLab   | Found a transporter.
 37786 | WizLab   | Identified the +1 helmet "Ecuad" {+Blink MP-9 Str+3 Slay+3}
 37818 | WizLab   | Got Lehudib's Reference Book on Clay and the Voyage
 37899 | Vaults:2 | Found Iczaomea's Weapon Boutique.
 37917 | Vaults:2 | Reached skill level 20 in Fighting
 38179 | Vaults:2 | Noticed Mennas
 38188 | Vaults:2 | Killed Mennas
 38394 | Vaults:2 | Received a gift from Yredelemnul (a ghoul)
 38555 | Vaults:2 | Received a gift from Yredelemnul (a ghoul)
 38855 | Vaults:2 | Noticed Donald
 38867 | Vaults:2 | Killed Donald
 39230 | Vaults:3 | Found a staircase to the Crypt.
 39230 | Vaults:3 | Found an ancient bone altar of Kikubaaqudgha.
 39231 | Vaults:3 | Found a basalt altar of Yredelemnul.
 39358 | Vaults:3 | Found Seke's Antique Armour Shop.
 39417 | Vaults:3 | Received a gift from Yredelemnul (a vampire knight)
 39565 | Vaults:3 | Reached XP level 21. HP: 186/202 MP: 29/29
 39577 | Vaults:3 | Received a gift from Yredelemnul (a ghoul)
 39902 | Vaults:3 | Acquired 1239 gold pieces
 39954 | Vaults:3 | Received a gift from Yredelemnul (a skeletal warrior)
 40323 | Vaults:4 | Received a gift from Yredelemnul (a ghoul)
 41202 | Vaults:5 | Entered Level 5 of the Vaults
 41208 | Vaults:5 | Received a gift from Yredelemnul (a profane servitor)
 41216 | Vaults:5 | Reached skill level 21 in Fighting
 41320 | Vaults:5 | Identified the +0 robe of the Saviour {Str+4}
 41331 | Vaults:5 | Identified the ring "Syirerph" {rPois rC+ rN++ Int+8} (You
                  | took it off an ironbound preserver on level 5 of the
                  | Vaults)
 41341 | Vaults:5 | Identified the +2 leather armour of Baom Fija {rC- Str+3}
 41558 | Vaults:5 | Received a gift from Yredelemnul (a bone dragon)
 41569 | Vaults:5 | Noticed Bai Suzhen
 41607 | Vaults:5 | Killed Bai Suzhen
 41784 | Vaults:5 | Identified the ring of Mithuem {rPois rC+ Int+9 Stlth-}
 41800 | Vaults:5 | Your ally Bai Suzhen died
 42039 | Vaults:5 | Reached XP level 22. HP: 178/203 MP: 30/30
 42045 | Vaults:5 | Received a gift from Yredelemnul (a flayed ghost)
 42065 | Vaults:5 | Identified the +2 leather armour "Becsaf" {Str+4}
 42174 | Vaults:5 | Noticed Boris
 42192 | Vaults:5 | Killed Boris
 42249 | Vaults:5 | Got a silver rune of Zot
 42297 | Vaults:5 | Received a gift from Yredelemnul (a skeletal warrior)
 42483 | Vaults:5 | Noticed a golden dragon
 42491 | Vaults:5 | Killed a golden dragon
 42530 | Vaults:5 | Received a gift from Yredelemnul (a profane servitor)
 43168 | Vaults:5 | Received a gift from Yredelemnul (a flayed ghost)
 43419 | Depths:1 | Entered Level 1 of the Depths
 43475 | Depths:1 | Identified the +5 plate armour "Luelug" {Rampage rC- Str+4
                  | Dex+3}
 43531 | Depths:1 | Reached skill level 22 in Fighting
 43591 | Depths:1 | Found a gateway to Hell.
 43780 | Depths:1 | Received a gift from Yredelemnul (a skeletal warrior)
 43937 | Depths:1 | Found a one-way gate leading to the halls of Pandemonium.
 44112 | Depths:1 | Received a gift from Yredelemnul (a profane servitor)
 44266 | Depths:1 | Identified the ring of Exouczul {rC+ rCorr Str-2 SInv
                  | Stlth+}
 44451 | Depths:2 | Received a gift from Yredelemnul (a flayed ghost)
 44454 | Depths:2 | Paralysed by a floating eye for 2 turns
 44564 | Depths:2 | Received a gift from Yredelemnul (a skeletal warrior)
 44839 | Depths:2 | Reached XP level 23. HP: 217/224 MP: 31/31
 44930 | Depths:2 | Received a gift from Yredelemnul (a vampire)
 44988 | Depths:2 | Noticed Asterion
 45021 | Depths:2 | Killed Asterion
 45747 | Depths:3 | Found a one-way gate to the infinite horrors of the Abyss.
 45882 | Depths:3 | Noticed a caustic shrike
 45888 | Depths:3 | Killed a caustic shrike
 45960 | Depths:3 | Reached skill level 15 in Armour
 45977 | Depths:3 | Found a gateway to a ziggurat.
 46014 | Depths:3 | Received a gift from Yredelemnul (a profane servitor)
 46095 | Depths:3 | Noticed a juggernaut
 46103 | Depths:3 | Killed a juggernaut
 46142 | Depths:3 | Identified the +11 chain mail of Exclusion {*Slow rPois
                  | rCorr Slay+4}
 46398 | Depths:3 | Noticed Boris
 46406 | Depths:3 | Killed Boris
 46711 | Depths:4 | Reached skill level 23 in Fighting
 46743 | Depths:4 | Received a gift from Yredelemnul (a ghoul)
 46754 | Depths:4 | Acquired a manual of Spellcasting
 46779 | Depths:4 | Found a runed translucent gate.
 46780 | Depths:4 | Found a runed translucent gate.
 46791 | Depths:4 | Found a runed translucent gate.
 46791 | Depths:4 | Noticed a caustic shrike
 46791 | Depths:4 | Noticed Hogiurom's ghost (adept TrMo)
 46812 | Depths:4 | Paralysed by a Zot trap for 5 turns
 46813 | Depths:4 | Gained mutation: You are frail. (-10% HP) [mutagenic glow]
 46831 | Depths:4 | Gained mutation: You are dopey. (Int -2) [mutagenic glow]
 46921 | Depths:3 | Lost mutation: You are frail. (-10% HP) [potion of
                  | mutation]
 46921 | Depths:3 | Lost mutation: You are dopey. (Int -2) [potion of mutation]
 46921 | Depths:3 | Gained mutation: You expend magic power (3 MP) to
                  | strengthen your wands. [potion of mutation]
 46921 | Depths:3 | Gained mutation: You have very sharp teeth. [potion of
                  | mutation]
 46921 | Depths:3 | Gained mutation: You sometimes lose the ability to read
                  | scrolls when taking damage. [potion of mutation]
 46922 | Depths:3 | Lost mutation: You have very sharp teeth. [potion of
                  | mutation]
 46922 | Depths:3 | Lost mutation: You sometimes lose the ability to read
                  | scrolls when taking damage. [potion of mutation]
 46922 | Depths:3 | Gained mutation: You are partially covered in iridescent
                  | scales. (AC +2) [potion of mutation]
 47092 | Depths:4 | Received a gift from Yredelemnul (a profane servitor)
 47136 | Depths:4 | Acquired 740 gold pieces
 47357 | Depths:4 | Received a gift from Yredelemnul (a phantasmal warrior)
 47358 | Depths:4 | Noticed a juggernaut
 47368 | Depths:4 | Noticed a juggernaut
 47371 | Depths:4 | Noticed the Enchantress
 47378 | Depths:4 | Killed a juggernaut
 47384 | Depths:4 | Killed a juggernaut
 47385 | Depths:4 | Reached XP level 24. HP: 164/235 MP: 25/31
 47406 | Depths:4 | Killed the Enchantress
 48048 | Depths:4 | Killed Hogiurom's ghost
 48213 | Depths:4 | Identified the +0 pair of boots of the Gravedigger {rCorr}
 48355 | Depths:5 | Entered Level 5 of the Depths
 48914 | Depths:5 | Found a gate to the Realm of Zot.
 49035 | Depths:5 | Received a gift from Yredelemnul (a vampire)
 49602 | Zot:1    | Entered Level 1 of the Realm of Zot
 49621 | Zot:1    | Received a gift from Yredelemnul (a skeletal warrior)
 49774 | Zot:1    | Reached skill level 24 in Fighting
 50423 | Zot:2    | Reached XP level 25. HP: 140/246 MP: 31/31
 50716 | Zot:2    | Received a gift from Yredelemnul (a profane servitor)
 50872 | Zot:2    | Received a gift from Yredelemnul (a vampire)
 51013 | Zot:2    | Killed from afar by a purple draconian knight

Illustrated notes

Levels and vault maps discovered:
D:1:      amcnicky_arrival_choice, layout_loops_ring, serial_shops, shop,
          chequers_serial_rivers_micro_c
D:2:      minmay_razor_zed, layout_basic, serial_shops, shop_fountains,
          kennysheep_generic_room_15
D:3:      layout_basic, lemuel_doored_altar, mainiacjoe_overflow_cross_hatched,
          chequers_temple_overflow_statue_of_worship,
          ebering_ecumenical_altar_hall
D:4:      layout_basic, kennysheep_slug_shrine,
          minmay_temple_entry_antechambers, uniq_natasha, uniq_pikel,
          uniq_crazy_yiuf_cottage
D:5:      layout_basic, serial_shops, nicolae_stop_n_shop_2,
          gup_sewer_entry_spiral, minmay_fire_ice_demons, uniq_edmund,
          uniq_sigmund, uniq_blork_the_orc, uniq_duvessa
D:6:      layout_gridville, serial_shops, kennysheep_mini_moat, uniq_eustachio
D:7:      layout_basic, kennysheep_mini, the_hattery, uniq_prince_ribbit1,
          uniq_harold
D:8:      layout_loops_ring, nicolae_dithmenos_the_darkroom,
          overflow_temple_1_default, minmay_tree_intersection, uniq_maggie,
          uniq_joseph
D:9:      layout_big_octagon, nemelex_diamond_rough_becter, erik_lair_island,
          dk_noncrumbling_3, st_stairs_13
D:10:     cheibrodos_ideogram_h, layout_loops_corners,
          mainiacjoe_overflow_surrounded_room, cheibrodos_ashenzari_chains
D:11:     gammafunk_indiana_jones, layout_rooms, eino_jars, uniq_nergalle
D:12:     layout_cave_pools, serial_shops,
          nicolae_shop_competitors_out_of_business, shop, shop_fountains,
          ebering_ghost_disaster_area, fedhas_altar_2
D:13:     layout_small_grid, grunt_vaults_entry_tiered
D:14:     layout_basic, okawaru_ov_weapons_minmay, bh_circular_ruins,
          uniq_snorg, uniq_louise, uniq_kirke
D:15:     hangedman_depths_entry_civil_slaughter, layout_loops_ring,
          nicolae_vehumet_radiance, minivault_20, minmay_misc_feat_diagonals,
          uniq_jorgrun, uniq_rupert
Temple:   jpeg_temple_clearing
Lair:1:   layout_gridlike, ldierk_geyser, nicolae_quartered_pool_medium
Lair:2:   layout_gridlike, spider_nest_entry_a, infiniplex_staircase_pool_2,
          grunt_megastairs_2
Lair:3:   layout_regular_city, elwin_shoals_entry_rooms,
          infiniplex_staircase_pool
Lair:4:   layout_layer_cave, gauntlet_entry_generic, serial_bayou_lagoon_a,
          beast_lair_carwin_11, uniq_nessos
Lair:5:   layout_long_grid, minivault_25
Lair:6:   minmay_lair_end_frog_pond, layout_long_grid,
          minmay_slime_entry_pillars, basic_altar, serial_bayou,
          serial_bayou_pond_d, serial_bayou_shore_b, serial_bayou_pond_e,
          serial_bayou_pond_d
Shoals:1: layout_shoals
Shoals:2: layout_shoals, nicolae_shop_gadgets
Shoals:3: cheibrodos_shoals_satyrical_garden, layout_shoals, uniq_nikola,
          uniq_ilsuiw
Shoals:4: shoals_end_grunt_garden, layout_shoals, uniq_polyphemus
Spider:1: layout_spider_delve
Spider:2: nicolae_spider_corner
Spider:3: layout_spider_delve
Spider:4: grunt_spider_rune_circles, nicolae_spider_checkerboard, uniq_arachne
Orc:1:    layout_caves
Orc:2:    grunt_orc_gardens, layout_caves, grunt_orc_garden, grunt_orc_garden,
          grunt_orc_garden, grunt_orc_garden, basic_altar, serial_shops, shop,
          minmay_shop_mass, uniq_saint_roka, uniq_josephine
Elf:1:    minmay_elf_arrival_plus, layout_onion_city, serial_shops,
          nicolae_diamond_shop, minivault_16
Elf:2:    nicolae_elf_blades_crystal_corner, layout_loops_corners
Elf:3:    minmay_elf_hall_quartered_circle, layout_geoelf_castle,
          corexii_leaking_fountain, drop_trap
Vaults:1: ebering_vaults_ghost_gozag, v_pattern_3,
          nicolae_vaults_network_quinsquares
          [nicolae_vaults_network_quincunx_subvault,
          nicolae_vaults_network_quincunx_subvault,
          nicolae_vaults_network_quincunx_subvault,
          nicolae_vaults_network_quincunx_subvault],
          ontoclasm_vaults_ring_square, nicolae_vaults_little_ls,
          nicolae_vaults_network_s, hangedman_vaults_snaps, v_misc_14,
          vaults_room_semicircle, nicolae_vaults_alarming, v_misc_19,
          vaults_room_corners, nicolae_vaults_rhombus_6,
          nicolae_vaults_shelves_hall, layout_vaults_omnicross, serial_shops,
          shop
Vaults:2: nicolae_vaults_theta, hangedman_vaults_maws, nicolae_vaults_rhombus_6,
          ontoclasm_vaults_eye, nicolae_vaults_mini_display_case,
          layout_vaults_omnigrid, serial_shops, shop,
          infiniplex_enter_wizlab_glasses, uniq_mennas, uniq_donald
Vaults:3: v_rooms_6, ontoclasm_vaults_hangar, minmay_crypt_entry_necro_gods,
          nicolae_vaults_shelves_hall, v_misc_16, ontoclasm_vaults_gateway,
          ontoclasm_vaults_loading_screen, hangedman_vaults_hard_town_square,
          v_misc_23, v_misc_32, nicolae_vaults_shelves_hall,
          layout_vaults_omnibox, serial_shops, shop
Vaults:4: vaults_room_corners, vaults_dpeg_hooks, hangedman_vaults_unwind,
          hangedman_vaults_pinch, vaults_room_boxed, v_misc_22,
          vaults_room_stairs_pillars, v_alt_pattern_2, dpeg_vaults_monster_row,
          v_misc_19, vaults_room_semicircle, layout_vaults_maze_snakey
Vaults:5: uniq_boris, uniq_bai_suzhen
Depths:1: kennysheep_ambush_hall, layout_cave_pools, grunt_decor_arrowhead,
          pf_coc_iceberg, rand_demon_pan_entry_8, st_stairs_7,
          minmay_checkered_concentric_circles
Depths:2: four-leaf_vault, layout_basic, hangedman_geh_valley,
          rand_demon_pan_entry_1, kennysheep_generic_room_11,
          infiniplex_staircase_x, uniq_asterion
Depths:3: minmay_chopped_fan, layout_cave_pools, enter_ziggurat_f,
          infiniplex_staircase_pool_lava, lightli_too_deep,
          hangedman_abyss_entry_splay, grunt_pan_entry_spiral
Depths:4: gammafunk_depths_water_palace, layout_cave_pools,
          gammafunk_ghost_tricky_traps, hell_entry, hex_tiny, pan_entry,
          abyss_entry_glasseish, uniq_margery
Depths:5: grunt_zot_entry_gee_three, layout_gridlike,
          nicolae_abyss_entry_one_way_or_another, hangedman_decor_peaks_small,
          hellmouth_1, drop_trap
Zot:1:    layout_onion_interference
Zot:2:    layout_concentric_octagons, hangedman_zot_diagonal_lockstep,
          nicolae_zot_crop_circle

Skill      XL: |  1  2  3  4  5  6  7  8  9 10 11 12 13 14 15 16 17 18 19 20 21 22 23 24 25 |
---------------+----------------------------------------------------------------------------+-----
Shields        | 4 5 6 7 9 11 13 15 16 18 19 20 21 22 23 | 23.1
Fighting       | 4 5 6 7 8 9 11 12 13 14 15 16 17 18 19 20 21 22 23 24 | 24.4
Armour         | 4 5 8 10 11 12 14 16 17 | 17.2
Axes           | 3 4 6 7 |  7.0
Throwing       | 1 2 3 5 8 9 10 11 12 13 14 15 16 18 19 20 21 22 | 22.7
Invocations    | 2 4 6 7 8 10 11 12 | 12.0
Evocations     | 1 4 6 8 9 10 12 | 12.0
Maces & Flails | 6 10 13 15 | 15.5
Polearms       | 3 10 13 | 13.3

Action                   |  1- 3 |  4- 6 |  7- 9 | 10-12 | 13-15 | 16-18 | 19-21 | 22-24 | 25-27 || total
-------------------------+-------+-------+-------+-------+-------+-------+-------+-------+-------++-------
Melee: War axe           |    84 |   105 |    28 |       |       |       |       |       |       ||   217
       Headbutt          |    15 |    19 |    55 |   162 |   297 |   276 |   290 |   383 |    30 ||  1527
       Rapier            |       |       |   150 |   444 |    57 |       |       |       |       ||   651
       Morningstar       |       |       |       |       |   774 |   834 |       |       |       ||  1608
       Demon trident     |       |       |       |       |       |   134 |  1136 |  1554 |   104 ||  2928
Throw: Stone             |     3 |       |       |    17 |     7 |       |       |       |       ||    27
       Boomerang         |     2 |    15 |    15 |    10 |    20 |    74 |     5 |    55 |       ||   196
       Dart              |       |       |     2 |     3 |     3 |       |       |       |       ||     8
       Javelin           |       |       |       |       |    16 |    36 |    31 |    52 |    36 ||   171
       Throwing net      |       |       |       |       |     1 |       |       |       |       ||     1
Invok: Animate Remains   |       |       |    12 |    15 |       |       |       |       |       ||    27
       Animate Dead      |       |       |       |    36 |   124 |   108 |    98 |   104 |    10 ||   480
       Recall Undead Sla |       |       |       |     5 |     8 |     7 |     8 |     4 |       ||    32
       Drain Life        |       |       |       |     1 |     2 |     6 |     2 |     4 |       ||    15
       Injury Mirror     |       |       |       |     1 |     1 |     4 |     4 |     3 |       ||    13
Evoke: Wand              |       |       |     5 |     1 |     8 |     4 |     3 |     5 |       ||    26
       Lightning rod     |       |       |       |       |    18 |     6 |     2 |     4 |       ||    30
       Box of beasts     |       |       |       |       |     1 |       |     1 |       |       ||     2
       Condenser vane    |       |       |       |       |       |     1 |     1 |     4 |       ||     6
       Tin of tremorston |       |       |       |       |       |       |     2 |       |     1 ||     3
       Phial of floods   |       |       |       |       |       |       |     1 |     1 |       ||     2
       Phantom mirror    |       |       |       |       |       |       |       |     1 |       ||     1
  Use: Scroll            |       |     9 |     6 |    12 |     8 |    10 |    10 |     4 |     2 ||    61
       Potion            |       |       |       |     2 |     2 |     4 |       |     9 |       ||    17
 Stab: Distracted        |       |       |       |     6 |    10 |     5 |    11 |    29 |     2 ||    63
       Paralysed         |       |       |       |       |     8 |     3 |     2 |       |       ||    13
       Invisible         |       |       |       |       |       |     1 |     2 |     5 |       ||     8
Armor: Scale mail        |    45 |       |       |       |       |       |       |       |       ||    45
       Plate armour      |     3 |    60 |   145 |   301 |   428 |   306 |   150 |       |       ||  1393
       Crystal plate arm |       |       |       |       |       |       |   145 |   440 |    46 ||   631
Dodge: Dodged            |    26 |    17 |    43 |   121 |   279 |   288 |   154 |   194 |    20 ||  1142
       Repelled          |       |       |       |       |       |     3 |       |       |       ||     3
Block: Kite shield       |    41 |    59 |   164 |   383 |   773 |   572 |    58 |       |       ||  2050
       Tower shield      |       |       |       |       |       |       |   833 |  1156 |    82 ||  2071
